 Dungeon Crawl Stone Soup version 0.21-a0-50-g941c862 (webtiles) character file.

22 roguesci the Ruffian (level 2, -7/25 HPs)
             Began as a Naga Transmuter on June 11, 2017.
             Mangled by a gnoll
             ... wielding a +0 halberd
              (12 damage)
             ... on level 2 of the Dungeon.
             The game lasted 00:02:31 (1201 turns).

roguesci the Ruffian (Naga Transmuter)              Turns: 1201, Time: 00:02:31

Health: -7/25      AC:  1    Str: 12    XL:     2   Next: 91%
Magic:  5/5        EV: 10    Int: 13    God:
Gold:   65         SH:  0    Dex: 11    Spells: 4/5 levels left

rFire    . . .     SeeInvis +     - Unarmed
rCold    . . .     Gourm    .   (no shield)
rNeg     . . .     Faith    .   b - +0 robe
rPois    +         Spirit   .   (no helmet)
rElec    .         Reflect  .   (no cloak)
rCorr    .         Harm     .   (no gloves)
MR       .....                  (no barding)
Stlth    +.........             (no amulet)
Regen    0.1/turn               (no ring)
MPRegen  0.1/turn               (no ring)

@: appendage (expiring), invisible, very slow
A: horns 2, see invisible, deformed body, poison resistance, slowness 2, slow
metabolism 1, spit poison 1, AC +0
a: Spit Poison, End Transformation


You were on level 2 of the Dungeon.
You were not hungry.
You had grown temporary horns.
You visited 1 branch of the dungeon, and saw 2 of its levels.

You collected 65 gold pieces.

Inventory:

Missiles
 a - 12 arrows
 k - 26 stones (quivered)
Armour
 b - a +0 robe (worn)
Scrolls
 e - a scroll of remove curse {unknown}
 j - a scroll of fog {unknown}
 l - a scroll of random uselessness {unknown}
Potions
 i - a potion of haste {unknown}
Books
 c - a book of Changes

   Spells                             Type                      Level
   a - Beastly Appendage              Transmutation                1
   b - Sticks to Snakes               Transmutation                2
   c - Spider Form                    Transmutation/Poison         3
   d - Ice Form                       Ice/Transmutation            4
   e - Blade Hands                    Transmutation                5
Comestibles
 d - 2 bread rations
 f - 2 fruits
 h - 2 meat rations
 m - 2 chunks of flesh


   Skills:
 * Level 1.5 Fighting
 * Level 1.9 Dodging
 + Level 0.4 Stealth
 + Level 3.1 Unarmed Combat
 * Level 2.1 Spellcasting
 + Level 2.3 Transmutations


You had 4 spell levels left.
You knew the following spells:

 Your Spells              Type           Power        Failure   Level  Hunger
a - Beastly Appendage     Tmut           #.....       10%         1    ##.....


Dungeon Overview and Level Annotations

Branches:
Dungeon (2/15)

Altars:


Innate Abilities, Weirdness & Mutations

You cannot wear boots.
Your serpentine skin is tough. (AC +0)
You have supernaturally acute eyesight. (SInv)
Armour fits poorly on your strangely shaped body.
Your system is resistant to poisons. (rPois)
You cover ground very slowly.
You have a slow metabolism.
You can spit poison.
You have a pair of horns on your head.


Message History

The gnoll completely misses you. The gnoll hits you with a halberd.
You hit the gnoll but do no damage.
The gnoll is heavily wounded.
Your transformation is almost over.
The gnoll hits you from afar with a spear of venom.
You closely miss the gnoll.
The gnoll is heavily wounded.
The gnoll barely misses you. x2
You hit the gnoll but do no damage.
The gnoll is heavily wounded.
The gnoll closely misses you. The gnoll barely misses you.
You hit the gnoll.
The gnoll is heavily wounded.
The gnoll barely misses you.
The gnoll hits you from afar with a spear of venom!
* * * LOW HITPOINT WARNING * * *
It was a potion of invisibility.
You fade into invisibility!
The gnoll misses you. The gnoll hits you with a halberd!
You die...

#.## ..
###..########...
#........# ..#
#<.......# ..
#.>......# .#
#........####.####
#...............[. #.#
#..........#.####.....
####.#####....@ggg....
#. #..!######>.. #.
#.### #.# #.# #.# #.#
#.


You could see 3 gnolls.

Vanquished Creatures
  5 bats
  A giant cockroach (D:1)
  A hobgoblin (D:1)
  3 jackals (D:1)
  A quokka (D:2)
  2 frilled lizards (D:1)
  3 goblins (D:1)
  3 kobolds (D:1)
  2 rats (D:1)
21 creatures vanquished.

Notes
Turn   | Place    | Note
-------+----------+-------------------------------------------
     0 | D:1      | roguesci the Naga Transmuter began the quest for the Orb.
     0 | D:1      | Reached XP level 1. HP: 18/18 MP: 3/3
   294 | D:1      | Reached XP level 2. HP: 25/25 MP: 3/5
  1201 | D:2      | Mangled by a gnoll

Vault maps used:
D:1:      lightli_molten_gateway, hex_tiny
D:2:      old_standard_altar, lemuel_crystal_altar, first_bread

Action                   || total
-------------------------++-------
Melee: Unarmed           ||    84
       Headbutt          ||     1
 Cast: Beastly Appendage ||     4
  Use: Potion            ||     1
 Stab: Sleeping          ||     1
Armor: Robe              ||    16
Dodge: Dodged            ||    56
